 Dungeon Crawl Stone Soup version 0.25.1-8-g42b30a86e7 (webtiles) character file.

Game seed: 1538994811364454546

3416 MajorAdolf the Covert (level 10, -12/80 HPs)
             Began as a Naga Wanderer on Dec 19, 2020.
             Was an Initiate of Gozag.
             Mangled by a deep troll (14 damage)
             ... on level 8 of the Dungeon.
             The game lasted 00:24:43 (11561 turns).

MajorAdolf the Covert (Naga Wanderer)              Turns: 11561, Time: 00:24:43

Health: -12/80     AC:  8    Str: 17      XL:     10   Next: 5%
Magic:  14/14      EV:  8    Int: 12      God:    Gozag
Gold:   302        SH:  9    Dex: 11 (12) Spells: 15/15 levels left

rFire    + . .     SeeInvis +   y - +1 rapier (venom)
rCold    . . .     Gourm    .   r - +0 kite shield
rNeg     + . .     Faith    .   s - +0 robe {rN+}
rPois    +         Spirit   .   (no helmet)
rElec    .         Reflect  .   (no cloak)
rCorr    .         Harm     .   (no gloves)
MR       +....                  (no barding)
Stlth    +++++.....             l - amulet of magic regeneration
HPRegen  0.23/turn              j - ring of protection from fire
MPRegen  0.39/turn              n - +4 ring of protection

@: very slow
A: large, see invisible, deformed body, poison resistance, slowness 2, slow
metabolism 1, spit poison 1, AC +3
a: Spit Poison, Potion Petition, Call Merchant, Bribe Branch, Renounce Religion


You were on level 8 of the Dungeon.
You worshipped Gozag.
Gozag was aware of your devotion.
You were hungry.

You visited 2 branches of the dungeon, and saw 10 of its levels.

You collected 448 gold pieces.
You paid 146 gold pieces to Gozag.

Inventory:

Hand Weapons
 f - a +0 dagger
 y - a +1 rapier of venom (weapon)
 z - a +3 war axe of freezing
 B - a +4 short sword
 C - a +1 dagger of venom
Missiles
 x - 26 poisoned darts (quivered)
Armour
 r - a +0 kite shield (worn)
 s - a +0 robe of positive energy (worn)
 F - a cursed +0 ring mail
Magical Staves
 G - an uncursed staff of earth
Jewellery
 j - a ring of protection from fire (left hand)
 l - an amulet of magic regeneration (around neck)
 n - a +4 ring of protection (right hand)
 u - a +6 ring of intelligence
Wands
 E - a wand of polymorph (2)
Scrolls
 a - a scroll of random uselessness {unknown}
 b - a scroll of teleportation
 c - 2 scrolls of blinking {unknown}
 d - a scroll of immolation {unknown}
 e - 3 scrolls of magic mapping {unknown}
 h - 2 scrolls of remove curse {unknown}
 i - a scroll of enchant armour {unknown}
 p - a scroll of amnesia {unknown}
 q - 2 scrolls of enchant weapon {unknown}
 v - a scroll of fog {unknown}
 A - a scroll of fear {unknown}
 D - 3 scrolls of identify
Potions
 k - 3 potions of flight
 m - 2 potions of magic
 o - 3 potions of mutation
 t - a potion of curing
 w - a potion of haste {unknown}
Comestibles
 g - 17 rations


   Skills:
 - Level 2.0 Fighting
 + Level 7.6 Short Blades
 + Level 4.6 Axes
 - Level 1.0 Throwing
 - Level 1.0 Dodging
 + Level 12.3 Stealth
 + Level 5.4 Shields
 - Level 3.0 Spellcasting
   Level 1.0 Fire Magic
   Level 1.3 Poison Magic


You had 15 spell levels left.
You didn't know any spells.
Your spell library contained the following spells:

 Spells                   Type           Power        Failure   Level  Hunger
 Foxfire                  Conj/Fire      #...         38%         1    #......
 Magic Dart               Conj           #...         45%         1    #......
 Blink                    Tloc           N/A          61%         2    ###....
 Call Imp                 Summ           #.......     61%         2    ###....
 Searing Ray              Conj           #.....       61%         2    ###....
 Slow                     Hex            #.......     61%         2    ###....
 Ignite Poison            Fire/Tmut/Pois #.......     75%         3    ###....
 Conjure Flame            Conj/Fire      #.......     77%         3    ###....
 Mephitic Cloud           Conj/Pois/Air  #.......     78%         3    ###....
 Dazzling Flash           Conj/Hex       #.....       83%         3    ###....
 Fulminant Prism          Conj/Hex       #.........   99%         4    #####..
 Iskenderun's Mystic Bla  Conj/Tloc      #.......     99%         4    #####..


Dungeon Overview and Level Annotations

Branches:
Dungeon (9/15)             Temple (1/1) D:7
   Lair: D:8-11         Orc: D:9-12

Altars:
Ashenzari
Cheibriados
Dithmenos
Elyvilon
Fedhas
Gozag
Hepliaklqana
Kikubaaqudgha
Makhleb
Nemelex Xobeh
Okawaru
Qazlal
Ru
Sif Muna
Trog
Uskayaw
Vehumet
Wu Jian
Xom
Zin
The Shining One

Shops:
D:4 }

Annotations:
D:8 exclusion: moth of wrath


Innate Abilities, Weirdness & Mutations

You cannot wear boots.
Your serpentine skin is tough. (AC +3)
You have supernaturally acute eyesight. (SInv)
Armour fits poorly on your strangely shaped body.
Your system is resistant to poisons. (rPois)
You cover ground very slowly.
You have a slow metabolism.
You can spit poison.


Message History

You block the deep troll's attack. The deep troll closely misses you.
The deep troll claws you!
* * * LOW HITPOINT WARNING * * *
Unknown command.
Okay, then.
Okay, then.
You feel better. The deep troll completely misses you.
The deep troll claws you!
* * * LOW HITPOINT WARNING * * *
The deep troll barely misses you.
You feel better. You block the deep troll's attack. The deep troll claws you.
* * * LOW HITPOINT WARNING * * *
The deep troll claws you!
* * * LOW HITPOINT WARNING * * *
Unknown command.
You feel better. The deep troll bites you.
* * * LOW HITPOINT WARNING * * *
You block the deep troll's attack. The deep troll claws you!
You die...
Your body crumbles into a pile of gold.

....###......#..#.###
.....#...............#
......).............##
........#.........###
........####......# ###
#.........#..#....# #.#
##.........#..#....####.##
#............##.T#.##....# ##
.........#####..@#.###..###.# ##
.........# ##......#....#(.#..##
.........####....##.............#
..........##....................#
.........<...............).######
.................##......###
..(...........#..........#
..............##........##
............###.........#


You could see a deep troll (extremely poisoned).

Vanquished Creatures
  Grinder (D:5)
  A human (D:7)
  Sigmund (D:3)
  Eustachio (D:4)
  4 hogs (D:7)
  Menkaure (D:5)
  An orc warrior (D:8)
  2 ice beasts
  2 phantoms
  2 centaurs
  A big kobold (D:5)
  A bullfrog (D:7)
  Blork the orc (D:4)
  A wyvern zombie (D:6)
  A water moccasin skeleton (D:6)
  2 scorpions
  3 wights
  2 crimson imps
  2 bullfrog zombies
  A hound (D:6)
  3 quasits
  A bullfrog skeleton (D:7)
  3 orc priests
  2 centaur skeletons
  A gnoll shaman (D:6)
  An iguana (D:8)
  3 orc wizards
  6 worker ants
  A hound skeleton (D:7)
  A howler monkey skeleton (D:6)
  8 gnolls
  9 adders
  2 adder skeletons
  2 worms
  2 dart slugs
  4 leopard geckos
  9 orcs
  5 giant cockroaches
  4 goblins
  7 hobgoblins
  17 jackals
  A quokka (D:4)
  8 bats
  4 frilled lizards
  7 kobolds
  5 rats
147 creatures vanquished.

Vanquished Creatures (others)
  A ball python (D:7)
1 creature vanquished.

Grand Total: 148 creatures vanquished

Notes
Turn   | Place    | Note
-------+----------+-------------------------------------------
     0 | D:1      | MajorAdolf the Naga Wanderer began the quest for the Orb.
     0 | D:1      | MajorAdolf set off with the following items: a +0 club, a
                  | potion of curing, a +0 robe, a +0 dagger, a ration; and the
                  | following spells available to memorise: Foxfire, Magic
                  | Dart, Blink, Call Imp, Slow, Ignite Poison, Conjure Flame,
                  | Mephitic Cloud
     0 | D:1      | Reached XP level 1. HP: 18/18 MP: 4/4
   122 | D:1      | Reached skill level 4 in Stealth
   122 | D:1      | Reached XP level 2. HP: 13/26 MP: 6/6
   552 | D:1      | Reached XP level 3. HP: 32/32 MP: 7/7
  1254 | D:2      | Reached skill level 1 in Short Blades
  1267 | D:2      | Reached skill level 5 in Stealth
  1271 | D:2      | Reached XP level 4. HP: 30/39 MP: 8/8
  1858 | D:3      | Noticed Sigmund
  2545 | D:3      | Killed Sigmund
  2545 | D:3      | Reached skill level 7 in Stealth
  2545 | D:3      | Reached XP level 5. HP: 11/45 MP: 9/9
  2545 | D:3      | Reached XP level 6. HP: 12/52 MP: 10/10
  2992 | D:4      | Noticed a phantom
  3086 | D:4      | Found a snail-covered altar of Cheibriados.
  3345 | D:4      | Noticed Blork the orc
  3365 | D:4      | Killed Blork the orc
  3584 | D:4      | Reached skill level 1 in Shields
  3859 | D:4      | Found Depraik's Gadget Shop.
  3943 | D:4      | Found a sacrificial altar of Ru.
  3961 | D:5      | Entered Level 5 of the Dungeon
  4035 | D:5      | Noticed Eustachio
  4670 | D:5      | Noticed Menkaure
  4670 | D:5      | Noticed Grinder
  4988 | D:5      | Reached skill level 8 in Stealth
  4988 | D:5      | Reached XP level 7. HP: 30/60 MP: 11/11
  5649 | D:4      | Killed Eustachio
  6220 | D:6      | Reached skill level 9 in Stealth
  6470 | D:6      | Reached skill level 5 in Short Blades
  6470 | D:6      | Reached XP level 8. HP: 67/67 MP: 12/12
  7464 | D:6      | Found a glowing golden altar of the Shining One.
  7570 | D:7      | Reached skill level 10 in Stealth
  8233 | D:7      | Reached skill level 1 in Axes
  8249 | D:7      | Reached XP level 9. HP: 18/73 MP: 13/13
  8551 | D:7      | Reached skill level 11 in Stealth
  9125 | D:7      | Found a staircase to the Ecumenical Temple.
  9293 | D:8      | Noticed a two-headed ogre
  9324 | D:9      | Noticed a two-headed ogre
  9519 | D:5      | Found a shattered altar of Ashenzari.
  9617 | D:5      | Killed Grinder
  9746 | D:5      | You fall into a shaft and drop 2 floors!
  9843 | D:5      | Killed Menkaure
  9843 | D:5      | Reached skill level 5 in Shields
 10091 | D:5      | Reached skill level 12 in Stealth
 10340 | D:3      | Found a glowing silver altar of Zin.
 10625 | Temple   | Entered the Ecumenical Temple
 10744 | Temple   | Became a worshipper of Gozag Ym Sagoz the Greedy
 10928 | D:8      | Noticed a moth of wrath
 10930 | D:8      | Found a bloodstained altar of Trog.
 11148 | D:8      | Reached XP level 10. HP: 41/80 MP: 14/14
 11542 | D:8      | Noticed a deep troll
 11542 | D:8      | a two-headed ogre changed into a deep troll
 11560 | D:8      | HP: 1/80 [deep troll (15)]
 11561 | D:8      | Mangled by a deep troll

Illustrated notes

Levels and vault maps discovered:
D:1:      wander_arrival_desolate, layout_loops_ring
D:2:      layout_rooms, first_ration, minmay_pentomino_q2
D:3:      layout_loops_ring, lemuel_coloured_pillars_altar, roderic_lattice_a,
          uniq_sigmund
D:4:      layout_cave_pools, cheibriados_altar_1, nicolae_ru_path_of_blood,
          serial_shops, nicolae_shop_waterfront, uniq_blork_the_orc
D:5:      layout_basic, ashenzari_altar_1, uniq_menkaure, uniq_eustachio,
          uniq_grinder
D:6:      layout_basic, kennysheep_mini
D:7:      layout_basic, lemuel_temple_firewalk_b, grunt_livestock
D:8:      layout_cave_pools, tgw_trog
D:9:      layout_basic, lemuel_zombie_altar_yredelemnul,
          chequers_serial_rivers_small_b, uniq_erolcha
Temple:   eino_temple_rhombus

Skill      XL: |  1  2  3  4  5  6  7  8  9 |
---------------+----------------------------+-----
Stealth        | 4 5 7 8 9 10 12 | 12.3
Fighting       | 2 |  2.0
Short Blades   | 1 3 4 5 6 7 |  7.6
Shields        | 1 2 4 5 |  5.4
Axes           | 2 4 |  4.6
Throwing       | |  1.0
Dodging        | |  1.0
Spellcasting   | |  3.0
Fire Magic     | |  1.0
Poison Magic   | |  1.3

Action                   |  1- 3 |  4- 6 |  7- 9 | 10-12 || total
-------------------------+-------+-------+-------+-------++-------
Melee: Dagger            |    27 |   154 |    20 |       ||   201
       Rapier            |       |       |   410 |    35 ||   445
Throw: Dart              |       |       |    15 |       ||    15
 Abil: Spit Poison       |    36 |    52 |     6 |       ||    94
Evoke: Wand              |       |       |       |     1 ||     1
  Use: Potion            |       |     2 |     3 |     3 ||     8
       Scroll            |       |     3 |     4 |       ||     7
 Stab: Sleeping          |       |     3 |     9 |     1 ||    13
  Eat: Chunk             |     2 |     9 |     7 |       ||    18
       Ration            |       |     1 |     3 |       ||     4
Armor: Robe              |    12 |    63 |   108 |    38 ||   221
       Skin              |       |       |    41 |       ||    41
Dodge: Dodged            |    42 |    67 |   106 |    16 ||   231
Block: Kite shield       |       |    47 |   192 |    45 ||   284
